 Dungeon Crawl Stone Soup version 0.31-a0-151-ge443d1f16c (webtiles) character file.

Game seed: 9577126528656667496

87 qw the Shooter (level 4, -2/38 HPs)
             Began as a Minotaur Hunter on June 8, 2023.
             Slain by Blork the orc
             ... wielding a +0 hand axe
              (5 damage)
             ... on level 4 of the Dungeon.
             The game lasted 00:00:33 (2032 turns).

qw the Shooter (Minotaur Hunter)                    Turns: 2032, Time: 00:00:33

Health: -2/38      AC: -1    Str: 15    XL:     4   Next: 28%
Magic:  3/3        EV: 12    Int:  6    God:
Gold:   98         SH:  0    Dex: 16    Spells: 3/3 levels left

rFire   . . .        Y - +1 shortbow
rCold   . . .        (shield currently unavailable)
rNeg    . . .        c - +0 leather armour
rPois   .            (helmet restricted)
rElec   .            (no cloak)
rCorr   .            (no gloves)
SInv    .            (no boots)
Will    .....        (no amulet)
Stlth   +            (no ring)
HPRegen 0.26/turn    (no ring)
MPRegen 0.08/turn

%: no passive effects
@: corroded
A: horns 2, retaliatory headbutt
a: no special abilities


You were on level 4 of the Dungeon.
You visited 1 branch of the dungeon, and saw 4 of its levels.

You collected 124 gold pieces.
You spent 26 gold pieces at shops.


Innate Abilities, Weirdness & Mutations

You have a pair of horns on your head.
You reflexively headbutt those who attack you in melee.


   Skills:
 + Level 3.4 Fighting
 - Level 6.0 Ranged Weapons
 - Level 2.1 Dodging
 - Level 0.7 Stealth


You had 3 spell levels left.
You didn't know any spells.
Your spell library was empty.

Inventory:

Hand Weapons
 Y - a +1 shortbow (weapon)
Armour
 c - a +0 leather armour (worn)
Scrolls
 f - 4 scrolls of identify

Dungeon Overview and Level Annotations

Branches:
Dungeon (4/15)
 Temple: D:4-7

Altars:

Shops:
D:1 ?

Annotations:
D:4 Blork the orc


Message History

Blork the orc is heavily wounded.
You shoot an arrow.
The arrow hits Blork the orc but does no damage.
Blork the orc is heavily wounded.
You shoot an arrow.
The arrow hits Blork the orc but does no damage.
Blork the orc is heavily wounded.
A jelly comes into view.
Blork the orc closely misses you. You furiously retaliate!
You headbutt Blork the orc! You shoot an arrow.
The arrow barely misses Blork the orc.
Blork the orc hits you with a +0 hand axe.
Blork the orc screams, "I'm much stronger than you!"
Blork the orc hits you with a +0 hand axe.
You shoot an arrow. The arrow hits Blork the orc.
Blork the orc is almost dead.
Blork the orc drinks a potion.
Blork the orc is healed!
You shoot an arrow. The arrow hits Blork the orc.
Blork the orc is severely wounded.
Blork the orc mumbles some strange words.
Blork the orc seems to speed up.
You shoot an arrow. The arrow barely misses Blork the orc.
The arrow hits the jelly.
The jelly is lightly wounded.
Blork the orc barely misses you.
You shoot an arrow. The arrow hits Blork the orc.
Blork the orc is severely wounded.
Blork the orc closely misses you.
Blork the orc points at you and mumbles some strange words.
The puff of frost hits you.
You shoot an arrow. The arrow barely misses Blork the orc.
Blork the orc misses you. The jelly hits you. The acid corrodes you!
You are splashed with acid!
Blork the orc points at you and mumbles some strange words.
The puff of frost hits you!
You shoot an arrow.
The arrow hits Blork the orc but does no damage.
Blork the orc is severely wounded.
Blork the orc hits you with a +0 hand axe.
You die...

##.# ### #..# #.#
##.#.# ##.####..##.##
##.......# #..##
#..###..####?..######.#
..## ##..##...........#
.## #......##..##...#
## #.....##..@# . #
##....##.Jo# #
#......#.... ..
#..#........# ..
....###......# ##
...... ##...... #.....
#.....#. ##....#


You could see Blork the orc (fast) and a jelly.

Vanquished Creatures
  3 gnolls (D:3)
  2 adders
  A dart slug (D:3)
  A ball python (D:3)
  6 endoplasms
  5 giant cockroaches
  4 goblins
  3 hobgoblins
  2 quokkas (D:1)
  3 bats (D:2)
  5 kobolds
  2 rats
37 creatures vanquished.

Notes
Turn   | Place    | Note
-------+----------+-------------------------------------------
     0 | D:1      | qw the Minotaur Hunter began the quest for the Orb.
     0 | D:1      | Reached XP level 1. HP: 18/18 MP: 0/0
     0 | D:1      | 0 ||| qw: Version: 0.2-a-120-gdf1a93b
     0 | D:1      | 0 ||| qw: Game counter: 3115
     0 | D:1      | 0 ||| qw: Always use a shield: true
     0 | D:1      | 0 ||| qw: God list: Okawaru
     0 | D:1      | 0 ||| qw: Allow faded altars: false
     0 | D:1      | 0 ||| qw: Do Orc after D:15 true
     0 | D:1      | 0 ||| qw: Do second Lair branch before Depths: true
     0 | D:1      | 0 ||| qw: Lair rune preference: random
     0 | D:1      | 0 ||| qw: Plans: Normal
     0 | D:1      | 0 ||| PLANNING D:1-11
   321 | D:1      | Reached XP level 2. HP: 25/25 MP: 1/1
   361 | D:1      | Found Unicud's Magic Scroll Shoppe.
   368 | D:1      | 368 ||| SHOPLISTING scroll of brand weapon (123 gold, have
                  | 26).
   368 | D:1      | 368 ||| BUYING scroll of identify (26 gold).
   368 | D:1      | Bought a scroll of identify for 26 gold pieces
   368 | D:1      | 368 ||| SHOPLISTING scroll of identify (26 gold, have 0).
   368 | D:1      | 368 ||| SHOPLISTING scroll of teleportation (39 gold, have
                  | 0).
   415 | D:1      | Reached skill level 5 in Ranged Weapons
   655 | D:1      | 655 ||| READING scroll labelled GEASEQ UVOANK.
   658 | D:1      | 658 ||| READING 3 scrolls of identify.
   658 | D:1      | 658 ||| IDENTIFYING orange potion
   659 | D:1      | 659 ||| DROPPING scroll of butterflies.
   660 | D:1      | 660 ||| DROPPING potion of attraction.
   863 | D:2      | Reached skill level 3 in Fighting
   993 | D:2      | Reached XP level 3. HP: 31/31 MP: 2/2
  1254 | D:2      | 1254 ||| READING scroll labelled JASECL XEGHUO.
  1355 | D:2      | 1355 ||| READING scroll labelled ESTROIF ODAOBUM.
  1380 | D:3      | 1380 ||| Stepping ~*~*~tactically~*~*~ (outnumbered).
  1386 | D:3      | 1386 ||| Stepping ~*~*~tactically~*~*~ (outnumbered).
  1389 | D:3      | 1389 ||| Stepping ~*~*~tactically~*~*~ (outnumbered).
  1403 | D:3      | HP: 5/31 [gnoll/+0 flail (8)]
  1404 | D:3      | 1404 ||| READING scroll of teleportation.
  1546 | D:3      | Identified the +7 dagger "Demonslayer" {freeze, rN+ SInv}
  1589 | D:3      | Reached XP level 4. HP: 38/38 MP: 3/3
  1634 | D:3      | 1634 ||| READING scroll labelled IZEIPORCH ORAST.
  1635 | D:3      | 1635 ||| READING 3 scrolls of identify.
  1635 | D:3      | 1635 ||| IDENTIFYING bubbling white potion
  1636 | D:3      | 1636 ||| DROPPING potion of degeneration.
  1956 | D:3      | 1956 ||| READING scroll labelled IGIUNEO SORU.
  1980 | D:4      | Reached skill level 6 in Ranged Weapons
  2019 | D:4      | Noticed Blork the orc
  2031 | D:4      | HP: 3/38 [Blork the orc/puff of frost (10)]
  2032 | D:4      | Slain by Blork the orc

Levels and vault maps discovered:
D:1:      lemuel_arrival_river_bridge, layout_loops_ring, serial_shops,
          nicolae_shop_crystal
D:2:      layout_loops_ring
D:3:      layout_basic
D:4:      layout_layer_cave, uniq_blork_the_orc, uniq_sigmund, uniq_eustachio

Skill      XL: |  1  2  3  4 |
---------------+-------------+-----
Ranged Weapons | 5 6 |  6.0
Fighting       | 3 |  3.4
Dodging        | |  2.1
Stealth        | |  0.7

Action                     |  1- 3 |  4- 6 || total
---------------------------+-------+-------++-------
   Fire: Shortbow          |    68 |    47 ||   115
    Use: Scroll            |     5 |     3 ||     8
 Armour: Leather armour    |     4 |     2 ||     6
  Dodge: Dodged            |    20 |     9 ||    29

Table legend:
 A = Non-vault XP
 B = Vault XP
 C = Vault XP percentage of total XP
 D = Non-vault monster count
 E = Vault monster count
 F = Vault count percentage of total count
                 A         B        C        D         E       F
            +---------+---------+-------+---------+---------+-------
      Total |     125 |       0 |   0.0 |      37 |       0 |   0.0
            +---------+---------+-------+---------+---------+-------
        D:1 |      18 |       0 |   0.0 |       9 |       0 |   0.0
        D:2 |      25 |       0 |   0.0 |       9 |       0 |   0.0
        D:3 |      77 |       0 |   0.0 |      16 |       0 |   0.0
        D:4 |       5 |       0 |   0.0 |       3 |       0 |   0.0
            +---------+---------+-------+---------+---------+-------
